 Dungeon Sprint DCSS version 0.26-a0-757-g626ac9e51a (webtiles) character file.

Game seed: 17649307594287063269

32 rocky1 the Frost Mage (level 3, -2/24 HPs)
             Began as a Merfolk Ice Elementalist on Nov 8, 2020.
             Slain by Crazy Yiuf
             ... wielding a +4 quarterstaff of chaos
              (8 damage)
             ... in the Dungeon (Sprint III: "The Ten Rune Challenge").
             The game lasted 00:02:02 (268 turns).

rocky1 the Frost Mage (Merfolk Ice Elementalist)     Turns: 268, Time: 00:02:02

Health: -2/24      AC:  2    Str:  8    XL:     3   Next: 25%
Magic:  3/6        EV: 13    Int: 15    God:
Gold:   0          SH:  0    Dex: 14    Spells: 2/6 levels left

rFire    . . .     SeeInvis .   i - +0 dagger
rCold    . . .     Faith    .   (no shield)
rNeg     . . .     Spirit   .   a - +0 robe
rPois    .         Reflect  .   (no helmet)
rElec    .         Harm     .   (no cloak)
rCorr    .         Rampage  .   (no gloves)
MR       .....     NoTele   +   (no boots)
Stlth    ++........             (no amulet)
HPRegen  0.08/turn              (no ring)
MPRegen  0.10/turn              (no ring)

@: frozen ramparts, hasted, very quick
A: change form in water, swift swim, stealthy swim
a: no special abilities


You were in the Dungeon.
You visited 1 branch

Inventory:

Hand Weapons
 i - a +0 dagger (weapon)
Armour
 a - a +0 robe (worn)
Scrolls
 h - a scroll of blinking
Potions
 b - a potion of degeneration {unknown}
 c - 2 potions of curing
 d - a potion of heal wounds
 f - 2 potions of magic
 g - a potion of berserk rage


   Skills:
 - Level 2.6 Dodging
 - Level 2.1 Stealth
 - Level 2.0 Spellcasting
 + Level 8.1 Ice Magic


You had 2 spell levels left.
You knew the following spells:

 Your Spells              Type           Power        Failure   Level
a - Freeze                Ice            ####         1%          1
b - Frozen Ramparts       Ice            ####..       2%          3

Your spell library contained the following spells:

 Spells                   Type           Power        Failure   Level
 Ozocubu's Armour         Ice            ####....     2%          3
 Hailstorm                Conj/Ice       ##......     38%         4
 Summon Ice Beast         Ice/Summ       ##......     38%         4


Dungeon Overview and Level Annotations

Branches:
Dungeon (1/1)

Altars:

Annotations:
D Crazy Yiuf


Message History

Casting: Freeze (safe; 1% risk of failure)
Confirm with . or Enter, or press ? or * to list all spells.
Okay, then.
Casting: Freeze (safe; 1% risk of failure)
Confirm with . or Enter, or press ? or * to list all spells.
The walls around you are covered in ice.
The wall freezes Crazy Yiuf!
Crazy Yiuf hits you with a +4 quarterstaff of chaos!
Unknown command.
You feel yourself speed up.
The wall freezes Crazy Yiuf.
Crazy Yiuf hits you with a +4 quarterstaff of chaos!
* * * LOW HITPOINT WARNING * * *
Crazy Yiuf draws strength from your wounds!
You closely miss Crazy Yiuf.
Crazy Yiuf is heavily wounded.
You hit Crazy Yiuf.
Crazy Yiuf is heavily wounded.
The wall freezes Crazy Yiuf.
Crazy Yiuf hits you with a +4 quarterstaff of chaos!
You die...

▓...#...†..##
▓..##.......#
▓##.##.##...# .#
##.##.###..# ..#
▓#.####.##.[# ...+
▓.###..##..##
#p..# ▓#..†..##..#
#....#
###..##...##.....#
##..##...@#...g..#
#..###..##g# #..#
#..#### ▓▓▓▓ ▓▓▓▓


You could see Crazy Yiuf.

Vanquished Creatures
  Jessica (D)
  An ooze (D)
  2 rats (D)
4 creatures vanquished.

Vanquished Creatures (others)
  A plant (D)
1 creature vanquished.

Grand Total: 5 creatures vanquished

Notes
Turn   | Place    | Note
-------+----------+-------------------------------------------
     0 | D        | rocky1 the Merfolk Ice Elementalist began the quest for the
                  | Orb.
     0 | D        | Reached XP level 1. HP: 13/13 MP: 3/3
    37 | D        | Reached skill level 5 in Ice Magic
   179 | D        | Reached skill level 6 in Ice Magic
   185 | D        | Noticed Jessica
   198 | D        | Killed Jessica
   198 | D        | Reached skill level 8 in Ice Magic
   198 | D        | Reached XP level 2. HP: 17/19 MP: 0/5
   198 | D        | Reached XP level 3. HP: 22/24 MP: 0/6
   258 | D        | Learned a level 3 spell: Frozen Ramparts
   260 | D        | Noticed Crazy Yiuf
   268 | D        | Slain by Crazy Yiuf

Illustrated notes

Levels and vault maps discovered:
D:        dungeon_sprint_mu [sprint_mu_entry_cave, sprint_mu_temple_rooms,
          sprint_mu_d1_horrors, sprint_mu_d2_genie, sprint_mu_d3_branching,
          sprint_mu_orc_legion, sprint_mu_elf_gauntlet, sprint_mu_hive_nellie,
          sprint_mu_lair_fedhas, sprint_mu_vaults_butterflies,
          sprint_mu_slime_circle, sprint_mu_swamp_cave, sprint_mu_snake_twists,
          sprint_mu_blade_basic, sprint_mu_crypt_fortress,
          sprint_mu_tomb_spiral, sprint_mu_vestibule_basic,
          sprint_mu_gehenna_hellfire, sprint_mu_dis_giant,
          sprint_mu_tartarus_statrot, sprint_mu_cocytus_islands, sprint_mu_zot1]

Skill      XL: |  1 |
---------------+----+-----
Ice Magic      | 8 |  8.1
Dodging        | |  2.6
Stealth        | |  2.1
Spellcasting   | |  2.0

Action                   || total
-------------------------++-------
Melee: Unarmed           ||     5
       Dagger            ||     2
 Cast: Freeze            ||     9
       Frozen Ramparts   ||     1
  Use: Potion            ||     1
Armor: Robe              ||     2
Dodge: Dodged            ||     1

Table legend: (Time is in decaauts)
 A = Elapsed time spent in this place.
 B = Non-inter-level travel time spent in this place.
 C = Inter-level travel time spent in this place.
 D = Time resting spent in this place.
 E = Time spent auto-exploring this place.
 F = Levels seen in this place.
 G = Mean time per level.
                   A        B        C        D        E       F      G
               +--------+--------+--------+--------+--------+-----+--------+
         Total |    267 |    267 |      0 |    185 |      0 |   1 |  267.0 |
       Dungeon |    267 |    267 |      0 |    185 |      0 |   1 |  267.0 |
               +--------+--------+--------+--------+--------+-----+--------+

Top non-repeatable levels by time:
       D: 267 daAuts
